 Dungeon Crawl Stone Soup version 0.23-a0-356-g1757c6e (webtiles) character file.

27 Hilur the Skirmisher (level 3, -1/46 HPs)
             Began as a Gnoll Wanderer on Oct 21, 2018.
             Slain by an adder (2 damage)
             ... on level 1 of the Dungeon.
             The game lasted 00:01:36 (1271 turns).

Hilur the Skirmisher (Gnoll Wanderer)               Turns: 1271, Time: 00:01:37

Health: -1/46      AC: 21    Str: 15    XL:     3   Next: 10%
Magic:  7/7        EV:  2    Int: 15    God:
Gold:   25         SH:  0    Dex: 13    Spells: 7/7 levels left

rFire    . . .     SeeInvis .   d - +0 club
rCold    . . .     Gourm    .   (no shield)
rNeg     + + +     Faith    .   (armour currently unavailable)
rPois    +         Spirit   .   (helmet currently unavailable)
rElec    .         Reflect  .   (cloak currently unavailable)
rCorr    .         Harm     .   (gloves currently unavailable)
MR       .....     NoTele   +   (boots currently unavailable)
Stlth    ++........             (no amulet)
HPRegen  0.15/turn              (no ring)
MPRegen  0.10/turn              (no ring)

@: lethally poisoned (-1 -> -4), tree-form
A: distributed training, strong nose
a: no special abilities


You were on level 1 of the Dungeon.
You were very hungry.
You were a tree.
You visited 1 branch of the dungeon, and saw 2 of its levels.

You collected 25 gold pieces.

Inventory:

Hand Weapons
 d - a +0 club (weapon)
Missiles
 h - 6 poisoned needles
 j - 23 stones (quivered)
Armour
 b - a +0 ring mail (melded)
Scrolls
 a - a scroll of remove curse {unknown}
 e - a scroll of fear {unknown}
 g - a scroll of amnesia {unknown}
Comestibles
 f - 2 rations


   Skills:
 + Level 4.5 Fighting
 + Level 0.6 Short Blades
 + Level 0.6 Long Blades
 + Level 0.6 Axes
 + Level 0.6 Maces & Flails
 + Level 0.6 Polearms
 + Level 0.6 Staves
 + Level 0.6 Slings
 + Level 0.6 Bows
 + Level 2.5 Crossbows
 + Level 0.6 Throwing
 + Level 0.6 Armour
 + Level 0.6 Dodging
 + Level 2.3 Stealth
 + Level 0.6 Shields
 + Level 0.6 Unarmed Combat
 + Level 2.8 Spellcasting
 + Level 0.4 Conjurations
 + Level 0.4 Hexes
 + Level 0.4 Charms
 + Level 0.4 Summonings
 + Level 0.4 Necromancy
 + Level 3.7 Translocations
 + Level 0.4 Transmutations
 + Level 3.7 Fire Magic
 + Level 0.4 Ice Magic
 + Level 0.4 Air Magic
 + Level 0.4 Earth Magic
 + Level 0.4 Poison Magic
 + Level 0.8 Invocations
 + Level 2.5 Evocations


You had 7 spell levels left.
You didn't know any spells.
Your spell library contained the following spells:

 Spells                   Type           Power        Failure   Level  Hunger
 Flame Tongue             Conj/Fire      #....        9%          1    #......
 Throw Flame              Conj/Fire      #.....       13%         2    ##.....
 Conjure Flame            Conj/Fire      #.......     26%         3    ###....
 Inner Flame              Hex/Fire       #.......     26%         3    ###....
 Sticky Flame             Conj/Fire      #.......     65%         4    #####..
 Fireball                 Conj/Fire      #.........   94%         5    ######.


Dungeon Overview and Level Annotations

Branches:
Dungeon (2/15)

Altars:


Innate Abilities, Weirdness & Mutations

Your experience applies equally to all skills.
((You have very sharp teeth.))
Your uncanny sense of smell can sniff out nearby items.


Message History

* * * LOW HITPOINT WARNING * * *
You are more poisoned.
The adder poisons you!
You miss the adder. The adder closely misses you.
You turn into a tree.
Your +0 ring mail melds into your body.
Your roots penetrate the ground.
* * * LOW HITPOINT WARNING * * *
You feel sick.
The adder bites you but does no damage. x2
You hit the adder.
The adder is heavily wounded.
* * * LOW HITPOINT WARNING * * *
You feel sick. The adder bites you but does no damage.
You hit the adder.
The adder is severely wounded.
The adder barely misses you. The adder bites you but does no damage.
You miss the adder.
The adder is severely wounded.
* * * LOW HITPOINT WARNING * * *
You feel sick. The adder bites you.
You die...

##.....## ### #.# #.####
##.......## ##.###.## #.##.#
###.........####......†#####.#...
..+.........'.........>..........
###.........####...######.##.#...
# ##.......## #..## #.##.##.. #
##.....## #S## #.##.###.
######...## #S# #.##.# #. ...#
##'## #♣# #.##.# #. ##.# #.# #.#
#.##.###. ##.# #.# #.# #........
#.# ##.## #.# ####.##..
#.###...## #.# #..... ##.##.....#
#.# ####.# ...###....######.# #.#
#######..........# #.#
..........######## #.#


You could see 2 adders.

Vanquished Creatures
  2 dart slugs (D:1)
  2 leopard geckos (D:1)
  A ball python (D:1)
  A giant cockroach (D:1)
  4 goblins (D:1)
  A hobgoblin (D:1)
  3 jackals (D:1)
  A frilled lizard (D:1)
  3 kobolds (D:1)
  2 rats (D:1)
20 creatures vanquished.

Notes
Turn   | Place    | Note
-------+----------+-------------------------------------------
     0 | D:1      | Hilur the Gnoll Wanderer began the quest for the Orb.
     0 | D:1      | Hilur set off with: a +0 ring mail, a potion of
                  | lignification, a +0 club, a ration
     0 | D:1      | Reached XP level 1. HP: 20/20 MP: 4/4
   391 | D:1      | Reached XP level 2. HP: 20/26 MP: 5/5
   728 | D:1      | Reached XP level 3. HP: 14/31 MP: 7/7
  1269 | D:1      | HP: 2/46 [poisoned by an adder]
  1271 | D:1      | Slain by an adder

Vault maps used:
D:1:      sevenhm_arrival_forest_fort_large_2
D:2:      first_ration, uniq_crazy_yiuf_cottage

Action                   || total
-------------------------++-------
Melee: Club              ||   104
       Bite              ||    10
       Punch             ||     3
  Use: Potion            ||     1
Armor: Ring mail         ||    48
       Skin              ||     4
Dodge: Dodged            ||    83

Table legend:
 A = Non-vault XP
 B = Vault XP
 C = Vault XP percentage of total XP
 D = Non-vault monster count
 E = Vault monster count
 F = Vault count percentage of total count
                 A         B        C        D         E       F
            +---------+---------+-------+---------+---------+-------
      Total |      39 |       0 |   0.0 |      20 |       0 |   0.0
            +---------+---------+-------+---------+---------+-------
        D:1 |      39 |       0 |   0.0 |      20 |       0 |   0.0
            +---------+---------+-------+---------+---------+-------
